 Dungeon Crawl Stone Soup version 0.23-a0-666-g28d4f2f0af (webtiles) character file.

61 Notair the Chopper (level 3, -1/31 HPs)
             Began as a Minotaur Gladiator on Jan 8, 2019.
             Killed from afar by Natasha (9 damage)
             ... with a magic dart
             ... on level 2 of the Dungeon.
             The game lasted 00:02:03 (707 turns).

Notair the Chopper (Minotaur Gladiator)              Turns: 707, Time: 00:02:04

Health: -1/31      AC:  5    Str: 18    XL:     3   Next: 83%
Magic:  2/2        EV: 12    Int:  6    God:
Gold:   25         SH:  0    Dex: 11    Spells: 2/2 levels left

rFire    . . .     SeeInvis .   a - +0 war axe
rCold    . . .     Gourm    .   (no shield)
rNeg     . . .     Faith    .   i - +0 ring mail
rPois    .         Spirit   .   c - +0 hat
rElec    .         Reflect  .   (no cloak)
rCorr    .         Harm     .   (no gloves)
MR       .....                  (no boots)
Stlth    +.........             (no amulet)
HPRegen  0.10/turn              (no ring)
MPRegen  0.08/turn              (no ring)

@: no status effects
A: retaliatory headbutt, horns 2
a: no special abilities


You were on level 2 of the Dungeon.
You were not hungry.

You visited 1 branch of the dungeon, and saw 2 of its levels.

You collected 25 gold pieces.

Inventory:

Hand Weapons
 a - a +0 war axe (weapon)
Missiles
 d - 3 throwing nets (quivered)
 e - 29 stones
 j - 35 poisoned needles
Armour
 b - a +0 leather armour
 c - a +0 hat (worn)
 i - a +0 ring mail (worn)
Scrolls
 h - a scroll of fear {unknown}
 k - a scroll of enchant weapon {unknown}
Potions
 g - a potion of mutation {unknown}
Comestibles
 f - 2 rations


   Skills:
 + Level 3.1 Fighting
 * Level 4.6 Axes
 - Level 2.0 Throwing
 + Level 1.6 Armour
 + Level 3.7 Dodging


You had 2 spell levels left.
You didn't know any spells.
Your spell library was empty.

Dungeon Overview and Level Annotations

Branches:
Dungeon (2/15)

Altars:

Annotations:
D:2 Natasha


Innate Abilities, Weirdness & Mutations

You reflexively headbutt those who attack you in melee.
You have a pair of horns on your head.


Message History

You miss the adder.
The adder is heavily wounded.
The adder bites you but does no damage. The adder misses you.
You hit the adder. Your headbutt misses the adder.
The adder is severely wounded.
The adder misses you. x2; You furiously retaliate!
You headbutt the adder!
You kill the adder!
Natasha claws you!
* * * LOW HITPOINT WARNING * * *
Things that are here:
a +0 dagger; an adder corpse x2
You barely miss Natasha. Natasha misses you. You furiously retaliate!
You headbutt Natasha, but do no damage. You hit Natasha but do no damage.
Natasha closely misses you. Natasha claws you but does no damage.
You closely miss Natasha. Natasha claws you but does no damage.
You completely miss Natasha.
Natasha stares at you and mumbles some strange words.
The magic dart hits you!
You die...

#.......###.#
#........##.#
#........##.#
#.........#.# ##
#.......#.#.# ...
........#...# ....
........##..# .....
..########..#####......
##....@h5.....
........####......
........# .....
........# ....
......... ### ......##.
...... .. ...... #.


You could see Natasha and a white imp.

Vanquished Creatures
  3 adders (D:2)
  2 dart slugs (D:1)
  A leopard gecko (D:1)
  4 giant cockroaches
  6 hobgoblins (D:1)
  3 kobolds (D:1)
  2 bats
  2 frilled lizards
  3 goblins
  A rat (D:1)
27 creatures vanquished.

Notes
Turn   | Place    | Note
-------+----------+-------------------------------------------
     0 | D:1      | Notair the Minotaur Gladiator began the quest for the Orb.
     0 | D:1      | Reached XP level 1. HP: 18/18 MP: 0/0
    26 | D:1      | Reached XP level 2. HP: 22/25 MP: 1/1
    29 | D:1      | Reached skill level 4 in Axes
   111 | D:1      | Reached skill level 1 in Armour
   650 | D:2      | Reached XP level 3. HP: 28/30 MP: 2/2
   686 | D:2      | Noticed Natasha
   707 | D:2      | Killed from afar by Natasha

Vault maps used:
D:1:      psy_arrival_whirlpool
D:2:      minmay_lizard_king, uniq_robin, uniq_jessica, uniq_natasha

Skill      XL: |  1  2  3 |
---------------+----------+-----
Axes           | 4 |  4.6
Armour         | 1 |  1.6
Fighting       | 3 |  3.1
Throwing       | |  2.0
Dodging        | |  3.7

Action                   || total
-------------------------++-------
Melee: War axe           ||    75
       Headbutt          ||     8
Armor: Leather armour    ||    15
       Ring mail         ||    13
Dodge: Dodged            ||    68

Table legend:
 A = Non-vault XP
 B = Vault XP
 C = Vault XP percentage of total XP
 D = Non-vault monster count
 E = Vault monster count
 F = Vault count percentage of total count
                 A         B        C        D         E       F
            +---------+---------+-------+---------+---------+-------
      Total |      88 |       0 |   0.0 |      27 |       0 |   0.0
            +---------+---------+-------+---------+---------+-------
        D:1 |      40 |       0 |   0.0 |      20 |       0 |   0.0
        D:2 |      48 |       0 |   0.0 |       7 |       0 |   0.0
            +---------+---------+-------+---------+---------+-------
